 Dungeon Crawl Stone Soup version 0.30-a0-860-g512cf1e979 (webtiles) character file.

Game seed: 5978527185324974438

62 BigDaddyOpFi the Covered (level 3, -2/33 HPs)
             Began as an Armataur Fighter on Mar 7, 2023.
             Slain by a gnoll
             ... wielding a +0 halberd
              (7 damage)
             ... on level 3 of the Dungeon.
             The game lasted 00:00:46 (704 turns).

BigDaddyOpFi the Covered (Armataur Fighter)          Turns: 704, Time: 00:00:46

Health: -2/33      AC:  7    Str: 23    XL:     3   Next: 85%
Magic:  3/3        EV:  4    Int:  8    God:
Gold:   103        SH:  0    Dex:  9    Spells: 2/2 levels left

rFire   + . .      SeeInvis .    a - +0 war axe
rCold   . . .      Faith    .    c - +0 buckler
rNeg    . . .      Spirit   .    b - +0 scale mail
rPois   .          Reflect  .    (no helmet)
rElec   .          Roll     +    (no cloak)
rCorr   .                        (no gloves)
Will    .....                    (no barding) Stlth
                                 (no amulet)
HPRegen 0.25/turn                e - ring of protection from fire
MPRegen 0.08/turn                (no ring)

@: mighty, held
A: large, rugged brown scales 3, deformed body, armoured tail, roll, long
tongue, awkward tongue
a: no special abilities


You were on level 3 of the Dungeon.
You visited 1 branch of the dungeon, and saw 3 of its levels.

You collected 103 gold pieces.

Inventory:

Hand Weapons
 a - a +0 war axe (weapon)
 i - a +2 mace of draining
Armour
 b - a +0 scale mail (worn)
 c - a +0 buckler (worn)
Jewellery
 e - a ring of protection from fire (left hand)
Scrolls
 f - a scroll of fog {unknown}
 k - 2 scrolls of magic mapping {unknown}
 l - a scroll of teleportation {unknown}
Potions
 d - a potion of might
 g - a potion of brilliance {unknown}
 h - 4 potions of curing {unknown}
 j - a potion of lignification {unknown}
 m - a potion of ambrosia {unknown}


   Skills:
 + Level 3.2 Fighting
 + Level 2.1 Axes
 + Level 4.2 Armour
 + Level 3.9 Shields


You had 2 spell levels left.
You didn't know any spells.
Your spell library contained the following spells:

 Spells                   Type           Power      Damage    Failure   Level
 Cigotuvi's Dreadful Rot  Necr/Pois/Air  0%         N/A       89%         2
 Poisonous Vapours        Pois/Air       0%         N/A       89%         2
 Mephitic Cloud           Conj/Pois/Air  0%         N/A       98%         3


Dungeon Overview and Level Annotations

Branches:
Dungeon (2/15)

Altars:


Innate Abilities, Weirdness & Mutations

You are completely covered in rugged brown scales. (AC +3, +7% HP)
Armour fits poorly on your strangely shaped body.
You have a long armoured tail.
You roll when moving toward enemies. (Rampage)
Your long tongue fully drains potion bottles. (2x potion effects)
Your tongue gives you trouble enunciating. (1.5x scroll delay)


Message History

You see here a puce potion.
The gnoll hits you from afar with a +0 spear.
A gnoll comes into view. It is wielding a +0 flail.
You block the orc's attack.
The gnoll hits you from afar with a +0 spear.
The orc hits you but does no damage. The orc attacks as you move away!
The orc hits you with a +0 club.
You slurp down every last drop of the potion of might!
You feel very mighty all of a sudden. The orc barely misses you.
You block the gnoll's attack.
The gnoll hits you from afar with a +0 spear.
You slash the orc!
You kill the orc!
The gnoll hits you from afar with a +0 spear.
The gnoll hits you but does no damage.
The gnoll hits you from afar with a +0 spear.
The gnoll barely misses you.
You roll towards the gnoll!
You slash the gnoll!
You kill the gnoll!
You barely miss the gnoll. The gnoll hits you with a +0 spear.
The gnoll closely misses you.
You barely miss the gnoll. You closely miss the gnoll.
You block the gnoll's attack. The gnoll closely misses you.
The gnoll completely misses you.
You slash the gnoll!
You kill the gnoll!
You barely miss the gnoll. The gnoll hits you with a +0 spear.
The gnoll throws a throwing net.
The throwing net hits you.
You become entangled in the net!
The gnoll hits you but does no damage. x2
You struggle against the net.
The gnoll hits you from afar with a +0 halberd!
* * * LOW HITPOINT WARNING * * *
The gnoll hits you with a +0 spear.
* * * LOW HITPOINT WARNING * * *
You struggle against the net.
The gnoll hits you but does no damage. The gnoll hits you with a +0 spear.
* * * LOW HITPOINT WARNING * * *
You struggle against the net.
The gnoll hits you from afar with a +0 halberd!
You die...

## .. ##### .# g..# .# .g#
.# #.# .#
#######[################.#
.......g)@...............#
#.######g##.###.#######..#
#.##†# #.# ###..# #.##.#
#.# #....#
#.##.###.#####....#
#.##...#.#.........
#.#.###......#..... ....
#...##.#..... .
##.#.#......##


You could see 2 gnolls.

Vanquished Creatures
  2 gnolls (D:3)
  2 adders
  An orc (D:3)
  3 bats (D:1)
  2 endoplasms (D:1)
  A giant cockroach (D:1)
  4 goblins (D:1)
  A hobgoblin (D:1)
  2 kobolds (D:1)
  A quokka (D:1)
  5 rats (D:1)
24 creatures vanquished.

Notes
Turn   | Place    | Note
-------+----------+-------------------------------------------
     0 | D:1      | BigDaddyOpFi the Armataur Fighter began the quest for the
                  | Orb.
     0 | D:1      | Reached XP level 1. HP: 19/19 MP: 1/1
   153 | D:1      | Reached XP level 2. HP: 26/26 MP: 2/2
   603 | D:2      | Reached skill level 4 in Armour
   603 | D:2      | Reached XP level 3. HP: 33/33 MP: 3/3
   633 | D:2      | You fall into a shaft and drop 1 floor!
   704 | D:3      | Slain by a gnoll

Illustrated notes

Levels and vault maps discovered:
D:1:      lightli_arrival_flooded_house, layout_rooms,
          nicolae_figureground_pulse
D:2:      layout_basic, minmay_strange_pillars, kennysheep_generic_room_14
D:3:      layout_loops_ring, mainiacjoe_overflow_paths,
          minmay_misc_feat_columns, chequers_serial_rivers_micro_c,
          chequers_hall_statues_wall_a, chequers_jeans, uniq_ijyb, uniq_natasha

Skill      XL: |  1  2 |
---------------+-------+-----
Fighting       | 3 |  3.2
Axes           | 2 |  2.1
Armour         | 4 |  4.2
Shields        | |  3.9

Action                     || total
---------------------------++-------
  Melee: War axe           ||    57
         Tailslap          ||     9
    Use: Potion            ||     1
 Armour: Scale mail        ||    33
  Dodge: Dodged            ||    33
  Block: Buckler           ||    15

Table legend: (Time is in decaauts)
 A = Elapsed time spent in this place.
 B = Non-inter-level travel time spent in this place.
 C = Inter-level travel time spent in this place.
 D = Time resting spent in this place.
 E = Time spent auto-exploring this place.
 F = Levels seen in this place.
 G = Mean time per level.
                   A        B        C        D        E       F      G
               +--------+--------+--------+--------+--------+-----+--------+
         Total |    728 |    692 |     36 |      0 |    535 |   3 |  242.7 |
       Dungeon |    728 |    692 |     36 |      0 |    535 |   3 |  242.7 |
               +--------+--------+--------+--------+--------+-----+--------+

Top non-repeatable levels by time:
     D:1: 596 daAuts
     D:3: 74 daAuts
     D:2: 58 daAuts
